 Dungeon Crawl Stone Soup version 0.31-a0-430-gf8416d752b (webtiles) character file.

Game seed: 2183878791867478666

456 Ethylacetat the Changeling (level 7, -1/36 HPs)
             Began as a Vine Stalker Shapeshifter on July 31, 2023.
             Was an Initiate of Gozag.
             Slain by a black bear (3 damage)
             ... on level 4 of the Dungeon.
             The game lasted 00:05:50 (2570 turns).

Ethylacetat the Changeling (VSSh)                   Turns: 2570, Time: 00:05:51

Health: -1/36      AC:  2    Str: 17    XL:     7   Next: 6%
Magic:  0/8        EV: 13    Int:  8    God:    Gozag
Gold:   186        SH:  0    Dex: 23    Spells: 6/6 levels left

rFire   . .          .
                       - Unarmed
rCold   . . .        (no shield)
rNeg    . . .        a - +0 animal skin
rPois   .            (helmet currently unavailable)
rElec   .            (cloak currently unavailable)
rCorr   .            (gloves currently unavailable)
SInv    .            (boots currently unavailable)
Will    .....        (no amulet)
Stlth   ++           l - +6 ring of dexterity
HPRegen 1.06/turn    (no ring)
MPRegen 0.11/turn

%: guardian spirit
@: beast-form
A: beast (slay +3), fangs 2, regeneration 1, magic shield, antimagic bite, no
potion heal 2
a: Begin Untransformation, Renounce Religion, Potion Petition, Call Merchant,
Bribe Branch


You were on level 4 of the Dungeon.
You worshipped Gozag.
Gozag was aware of your devotion.
You were a hulking beast.
You visited 1 branch of the dungeon, and saw 4 of its levels.
You also visited: Sewer.

You collected 255 gold pieces.
You paid 69 gold pieces to Gozag.

Inventory:

Armour
 a - a +0 animal skin (worn)
Jewellery
 l - a +6 ring of dexterity (left hand)
Talismans
 c - a beast talisman (active)
Scrolls
 g - a scroll of identify {unknown}
 h - 2 scrolls of blinking {unknown}
 i - 2 scrolls of enchant armour {unknown}
 j - a scroll of summoning {unknown}
 k - 2 scrolls of teleportation {unknown}
 m - a scroll of revelation {unknown}
 o - a scroll of enchant weapon {unknown}
 s - a scroll of silence {unknown}
Potions
 b - 2 potions of lignification
 d - a potion of brilliance {unknown}
 e - a potion of mutation {unknown}
 f - a potion of heal wounds {unknown}
 n - a potion of berserk rage {unknown}
 p - a potion of curing {unknown}
 q - a potion of haste {unknown}


   Skills:
 + Level 3.2 Fighting
 - Level 1.8 Dodging
 + Level 4.6 Unarmed Combat
 * Level 5.0 Shapeshifting


You had 6 spell levels left.
You didn't know any spells.
Your spell library contained the following spells:

 Spells                   Type           Power      Damage    Failure   Level
 Wereblood                Tmut           0%         N/A       54%         2
 Call Canine Familiar     Summ           0%         N/A       78%         3
 Portal Projectile        Hex/Tloc       0%         N/A       78%         3
 Leda's Liquefaction      Hex/Erth       0%         N/A       99%         4
 Irradiate                Conj/Tmut      0%         3d11      100%        5


Dungeon Overview and Level Annotations

Branches:
Dungeon (4/15)              Sewer (visited)
 Temple: D:4-7

Altars:
Gozag
Wu Jian

Shops:
D:4 =


Innate Abilities, Weirdness & Mutations

You are a hulking beast.
Your limbs bulge with bestial killing power. (Slay +3)
You have extremely sharp teeth.
Your natural rate of healing is unusually fast.
When hurt, damage is shared between your health and your magic reserves.
Your bite disrupts and absorbs the magic of your enemies.
Potions cannot restore your health.


Message History

The black bear misses you.
The black bear claws you but does no damage.
You punch the black bear!
You kill the black bear!
Your Shapeshifting skill increases to level 5!
You have reached level 7!
You now have 186 gold pieces (gained 6).
You see here a +0 dire flail.
Found 3 poisoned darts.
Found 6 boomerangs.
A kobold and a black bear come into view.
The kobold is wielding a +0 dagger and quivering poisoned darts.
The black bear growls angrily.
The kobold shouts!
There are monsters nearby!
You barely miss the black bear.
The black bear bites you but does no damage.
The black bear closely misses you. The black bear claws you.
You hit the black bear. You bite the black bear. You drain its power.
You feel invigorated.
The black bear is lightly wounded.
You hit the black bear. You bite the black bear. You drain its power.
The black bear is heavily wounded.
The black bear bites you. The black bear closely misses you. x2
You punch the black bear!
The black bear is severely wounded.
The kobold closely misses you.
The black bear goes berserk!
You hit the black bear.
The black bear is severely wounded.
The black bear bites you! The black bear claws you.
The black bear claws you but does no damage.
The kobold hits you with a +0 dagger. The black bear completely misses you.
The black bear claws you. x2
* * * LOW HITPOINT WARNING * * *
You hit the black bear. Your bite misses the black bear.
The black bear is almost dead.
The kobold barely misses you. The black bear bites you!
* * * LOW HITPOINT WARNING * * *
The black bear claws you.
You die...
Your body crumbles into a pile of gold.

...## (...# ....#
....# #### ....##
####..####
.....###........#
.........######.#
..##....## #.###
#.#####..# #.hh#
#.# ##..# ###K.#
#.# #.# #.... #.#
..# ##..# ..##
#.#####. .# ....
....... ..
######## ...#.# #
# .... ... ##...
#.# #.# ####
#.###..# #.#
#...###


You could see a black bear (berserk) and a kobold.

Vanquished Creatures
  A black bear (D:4)
  2 bullfrogs (Sewer)
  Terence (D:3)
  An orc wizard (D:3)
  8 adders
  2 worms
  3 dart slugs
  4 orcs (D:3)
  8 ball pythons
  8 endoplasms
  8 giant cockroaches
  8 hobgoblins
  9 jackals
  4 kobolds
  9 quokkas
  4 bats
  16 frilled lizards
  5 goblins
  4 rats
105 creatures vanquished.

Notes
Turn   | Place    | Note
-------+----------+-------------------------------------------
     0 | D:1      | Ethylacetat the Vine Stalker Shapeshifter began the quest
                  | for the Orb.
     0 | D:1      | Reached XP level 1. HP: 9/9 MP: 2/2
    23 | D:1      | Reached skill level 1 in Fighting
    30 | D:1      | Reached XP level 2. HP: 12/14 MP: 3/3
   317 | D:1      | Reached XP level 3. HP: 18/18 MP: 4/4
   894 | D:2      | Found a faded altar of an unknown god.
   982 | D:2      | Gained mutation: Your natural rate of healing is unusually
                  | fast. [Vine Stalker growth]
   982 | D:2      | Reached XP level 4. HP: 20/23 MP: 3/5
  1413 | D:3      | Identified the +5 spear "Hiygata" {protect, rF+}
  1469 | D:3      | Found a glowing drain.
  1500 | Sewer    | Entered a sewer
  1548 | Sewer    | Reached XP level 5. HP: 26/26 MP: 6/6
  1568 | Sewer    | Reached skill level 4 in Shapeshifting
  1779 | Sewer    | Identified the +1 spear of Floods {venom, Int+6}
  1789 | Sewer    | Reached XP level 6. HP: 19/32 MP: 4/7
  1884 | D:3      | Noticed Terence
  1890 | D:3      | Killed Terence
  2231 | D:3      | Found an ornate altar of the Wu Jian Council.
  2339 | D:4      | Found an opulent altar of Gozag.
  2355 | D:4      | Became a worshipper of Gozag Ym Sagoz the Greedy
  2439 | D:4      | Found Bopsazxy's Jewellery Shoppe.
  2464 | D:4      | Noticed a black bear
  2478 | D:4      | Killed a black bear
  2479 | D:4      | Reached skill level 5 in Shapeshifting
  2479 | D:4      | Reached XP level 7. HP: 9/36 MP: 2/8
  2570 | D:4      | Slain by a black bear

Illustrated notes

Levels and vault maps discovered:
D:1:      lightli_molten_gateway, layout_rooms
D:2:      layout_basic, dreamdust_ecumenical_altar_hidden_monk_grotto,
          minivault_14
D:3:      layout_loops_ring, old_standard_altar, gup_sewer_entry_glass,
          kennysheep_generic_room_11, uniq_terence
D:4:      layout_rooms, mainiacjoe_overflow_paths, serial_shops,
          nicolae_shop_crystal, minmay_tree_intersection, uniq_ijyb

Skill      XL: |  1  2  3  4  5  6 |
---------------+-------------------+-----
Fighting       | 1 2 3 |  3.2
Shapeshifting  | 4 5 |  5.0
Unarmed Combat | 4 |  4.6
Dodging        | |  1.8

Action                     |  1- 3 |  4- 6 |  7- 9 || total
---------------------------+-------+-------+-------++-------
  Melee: Unarmed           |    66 |   164 |     6 ||   236
         Bite              |    18 |    40 |     2 ||    60
         Punch             |       |     5 |       ||     5
   Stab: Sleeping          |     3 |     1 |       ||     4
 Armour: Animal skin       |     9 |    27 |     2 ||    38
  Dodge: Dodged            |    31 |   129 |     6 ||   166

Table legend: (Time is in decaauts)
 A = Elapsed time spent in this place.
 B = Non-inter-level travel time spent in this place.
 C = Inter-level travel time spent in this place.
 D = Time resting spent in this place.
 E = Time spent auto-exploring this place.
 F = Levels seen in this place.
 G = Mean time per level.
                   A        B        C        D        E       F      G
               +--------+--------+--------+--------+--------+-----+--------+
         Total |   2604 |   2525 |     79 |      0 |   1832 |   5 |  520.8 |
       Dungeon |   2261 |   2182 |     79 |      0 |   1720 |   4 |  565.2 |
         Sewer |    343 |    343 |      0 |      0 |    112 |   1 |  343.0 |
               +--------+--------+--------+--------+--------+-----+--------+

Top non-repeatable levels by time:
     D:2: 897 daAuts
     D:3: 638 daAuts
     D:1: 456 daAuts
   Sewer: 343 daAuts
     D:4: 268 daAuts
